Booker, chaotic male elven Priest ---- ---- ---- |..| ---..- --- -- ---- ---..---|..--- |..... --.-- ----.-- |<.--------..h...| -...| -----....-- |...| --- |.....-- --............@...-----.| --.|.......| --...|--..| |......| |...---------f|....---|.| |..........---..--|....| |......| ---.--- ----......|.| |...............| |...- |.....-- ---|...-- ---|......|>| --..............---.--- --....| ---.--.--.---- ----.--........-- |...............^..| |..--- |.*....|...|.-- |...............-----................--- |.-----------------....--|......| |......................................| |.||....................|---....| ---..---....*....---...................| |.-|..---------------...| --...-- ---- ---......-- --..................-- |..|.-- --- |...------....-- --#....-- |...................| |....| |..----...|--.|......-- #-....| -----...............| ------ |.[.......--..........- #-..-- --..............- --..........#..--......| *.-- --.........---..| --.........|-------...| #-.- --........| --- --....--.-- |..-- |...| |.......-- --------- ---- #..-- ---..---- #--- ---- Booker the Adept Experience level: 7 Strength: 16 Dexterity: 12 Constitution: 16 Intelligence: 8 Wisdom: 19 Charisma: 8 Health: 0(59) Energy: 102(102) Def: 10 Gold: 11 Moves: 4387 Dungeon seed: nkAo6y832jMxgqFK Game ID: Booker_1614784445 Your Inventory: Coins $ - 11 gold pieces Amulets E - an amulet of ESP Weapons a - a blessed +1 mace (weapon in hand) f - a +0 orcish dagger t - a blessed +2 orcish dagger u - a +0 elven dagger D - 11 +0 daggers (in quiver) Armor e - a +0 robe (being worn) n - a +0 small shield (being worn) q - a +0 studded leather armor (being worn) y - a +0 dwarvish iron helm (being worn) z - a +0 pair of iron shoes (being worn) Comestibles h - a tripe ration G - a cursed food ration Scrolls S - a scroll of remove curse Wands w - a wand of striking (0:4) x - a wand of polymorph (0:3) N - a cursed wand of create monster (0:12) P - a cursed wand of digging (0:8) Tools m - a bag of holding A - a tin whistle B - an oil lamp (0:1234) Q - a cursed lock pick T - a +0 unicorn horn Contents of the bag of holding: 86 gold pieces 6 +0 arrows 2 +0 darts 9 +0 silver arrows a +0 cloak of magic resistance a +0 mummy wrapping 2 cursed booberries a clove of garlic 2 cursed fortune cookies a sprig of wolfsbane a scroll of destroy armor a cursed scroll of fire a scroll of magic mapping a spellbook of create monster a spellbook of create monster a spellbook of cure blindness 5 cursed potions of healing 4 potions of holy water a potion of levitation a potion of water a cursed +1 ring of increase accuracy a cursed ring of invisibility a cursed +1 ring of protection a cursed wand of light (0:14) a cursed wand of striking (0:4) a bell a blindfold a mirror a +0 pick-axe 5 blessed tallow candles (0:200) 12 tallow candles (0:200) 3 wax candles (0:400) 2 agate stones a cursed jet stone 3 worthless pieces of black glass a worthless piece of orange glass a worthless piece of red glass a worthless piece of violet glass a cursed worthless piece of white glass a worthless piece of yellow glass 2 worthless pieces of yellowish brown glass Spells and supernatural/magical abilities: Name Level Category Fail Memory B - cure blindness 2 healing 28% 79% O - create monster 2 clerical 0% 79% W - pray for help -- divine ? -- X - turn undead -- divine ? -- Your skills at the end: Fighting Skills Weapon Skills mace [Basic] Spellcasting Skills clerical spells [Basic] Final Attributes: You were piously aligned. You were sleep resistant. You had infravision. You are dead. Vanquished creatures: a ghost a carnivorous ape a wolf a giant spider an orc mummy 2 white unicorns a gray unicorn a raven 2 human zombies a water nymph a fog cloud 5 gnome lords 3 gnomish wizards a kobold mummy 2 little dogs a floating eye 9 dwarves a rothe an iguana 2 acid blobs 3 hobbits a hobgoblin 2 cave spiders a brown mold a yellow mold 31 gnomes a gecko 6 jackals 3 kobolds 3 goblins 2 sewer rats 3 grid bugs 6 lichens 5 newts 106 creatures vanquished. Voluntary challenges: You used a wielded weapon 144 times, starting on turn 58. You read items or engraved 1 time, starting on turn 1498. You never genocided any monsters. You never polymorphed an object. You never changed form. You used no wishes. You never split a pudding. You never wrote Elbereth's name. You never violated your personal moral code. Dungeon overview: The Dungeons of Doom: levels 1 to 4 Level 1 a fountain a long staircase Level 2 Level 3 stairs to The Gnomish Mines Level 4 a fountain The Gnomish Mines: levels 4 to 8 Level 4 <- You were here stairs to The Dungeons of Doom Level 5 Level 6 some shops, a temple to Ptah, some fountains Level 7 Level 8 History has recorded: On T:1 you entered the Dungeons of Doom to retrieve the Amulet of Yendor! On T:469 you advanced to experience level 2. On T:646 you reached level 2 of The Dungeons of Doom. On T:790 you reached level 4 of The Dungeons of Doom. On T:898 you reached level 3 of The Dungeons of Doom. On T:957 you advanced to experience level 3. On T:1507 you reached level 1 of The Gnomish Mines. On T:1552 you advanced to experience level 4. On T:1775 you advanced to experience level 5. On T:2003 you reached level 2 of The Gnomish Mines. On T:2796 you reached level 3 of The Gnomish Mines. On T:2893 you advanced to experience level 6. On T:3558 you reached level 4 of The Gnomish Mines. On T:3856 you reached level 5 of The Gnomish Mines. On T:3893 you advanced to experience level 7. Score breakdown: Gold: 97 ( 6773 points) Experience: 7 levels (13645 points) Exploration: 8 levels ( 16.00%) (11338 points) Discoveries: 11 items ( 3.83%) ( 5873 points) Valuables value: (no points given unless you survive) Artifact value: 0 ( 0 points) Variety of kills: 34 monsters ( 8.92%) ( 8961 points) Turncount: 4387 turns (-1161 points) Survival: died (score multiplied by 80%) Total score: 36343 Latest messages: You resume your meal. You finish eating the food ration. You hear some noises in the distance. Please move the cursor to an unknown object. Never mind. The little dog bites! (2x) The little dog misses. You hit the little dog! The little dog misses. The little dog bites! You kill the little dog! You stop running. (2x) The dwarf king wields a broad pick! The dwarf king swings his broad pick. The dwarf king hits! You hit the dwarf king! The dwarf king swings his broad pick. The dwarf king hits! The dwarf king swings his broad pick. The dwarf king hits! You die... Final status: Goodbye Booker the Priest, killed by a dwarf king... You died in The Gnomish Mines on dungeon level 4 with 36343 points, and 97 pieces of gold, after 4387 moves. You were level 7 with a maximum of 59 hit points when you died.